 Dungeon Crawl Stone Soup version 0.21-a0-263-gf26e180 (webtiles) character file.

1268 Raykoid666 the Stinger (level 8, 0/52 HPs)
             Began as a Demonspawn Wanderer on Sept 8, 2017.
             Slain by a centaur skeleton (4 damage)
             ... on level 6 of the Dungeon.
             The game lasted 00:24:26 (8796 turns).

Raykoid666 the Stinger (Demonspawn Wanderer)        Turns: 8796, Time: 00:24:28

Health: 0/52       AC:  9    Str: 13 (15) XL:     8   Next: 28%
Magic:  0/14       EV: 14    Int: 14 (16) God:    Xom [*.....]
Gold:   355        SH:  0    Dex: 10 (12) Spells: 11/15 levels left

rFire    + . .     SeeInvis .   t - +1 scythe (protect)
rCold    . . .     Gourm    .   (shield currently unavailable)
rNeg     . . .     Faith    .   e - +0 robe
rPois    .         Spirit   +   (no helmet)
rElec    +         Reflect  .   (no cloak)
rCorr    .         Harm     .   (no gloves)
MR       .....     Rnd*Rage +   f - +0 pair of boots
Stlth    +.........             b - amulet of guardian spirit
HPRegen  0.17/turn              (no ring)
MPRegen  0.14/turn              (no ring)

@: sanguine armour
A: berserk 1, clever 1, fire resistance 1, electricity resistance, magic shield,
MP-powered wands, sanguine armour 1
a: Renounce Religion


You were on level 6 of the Dungeon.
You worshipped Xom.
You were a special plaything of Xom.
You were not hungry.

You visited 1 branch of the dungeon, and saw 6 of its levels.

You collected 355 gold pieces.

Inventory:

Hand Weapons
 a - a +2 dagger
 s - a -1 war axe
 t - a +1 scythe of protection (weapon)
Armour
 d - a +0 buckler
 e - a +0 robe (worn)
 f - a +0 pair of boots (worn)
Jewellery
 b - an amulet of guardian spirit (around neck)
 j - a +2 ring of dexterity {unknown}
 n - an uncursed ring of ice
 v - an uncursed ring of poison resistance
 w - an uncursed ring of flight
 y - an uncursed ring of fire
Wands
 p - a wand of flame (26/48)
Scrolls
 g - a scroll of identify
 h - 4 scrolls of amnesia
 i - 4 scrolls of remove curse
 k - 3 scrolls of enchant armour
 l - a scroll of recharging
Potions
 m - 2 potions of brilliance
 r - a potion of haste
Books
 c - the Compendium of Venom

   Spells                             Type                      Level
   a - Sting                          Conjuration/Poison           1
   b - Spider Form                    Transmutation/Poison         3
Comestibles
 u - 6 bread rations


   Skills:
 * Level 4.9 Short Blades
 + Level 4.9 Dodging
 - Level 1.0 Stealth
 - Level 1.0 Shields
 - Level 4.0 Spellcasting
   Level 1.0 Charms
   Level 1.0 Translocations
   Level 1.7 Earth Magic
 + Level 5.9 Poison Magic


You had 11 spell levels left.
You knew the following spells:

 Your Spells              Type           Power        Failure   Level  Hunger
a - Sting                 Conj/Pois      ##..         6%          1    None
b - Spider Form           Tmut/Pois      ##........   17%         3    ###....


Dungeon Overview and Level Annotations

Branches:
Dungeon (6/15)             Temple (0/1) D:4

Altars:
Gozag
Makhleb
Okawaru
Qazlal
Xom


Innate Abilities, Weirdness & Mutations

Your flesh is heat resistant. (rF+)
When hurt, damage is shared between your health and your magic reserves.
When seriously injured, your bleeding wounds create armour. (AC +6)
You tend to lose your temper in combat.
Your mind is acute. (Int +2)
You are resistant to electric shocks. (rElec)
You expend magic power (3 MP) to strengthen your wands.


Message History

Found 24 stones.
A cyclops comes into view.
You recover from your berserk rage.
Found four items.
Found a stone staircase leading down.
A bullfrog zombie comes into view.
The centaur skeleton closely misses you.
Found 10 gold pieces.
You see here a potion of brilliance.
m - 2 potions of brilliance (gained 1)
The centaur skeleton hits you.
* * * LOW HITPOINT WARNING * * *
The crimson imp spits at you.
The crimson imp blinks!
You closely miss the bullfrog zombie.
The centaur skeleton completely misses you.
The bullfrog zombie hits you.
* * * LOW HITPOINT WARNING * * *
The orc misses you. The centaur skeleton hits you.
You die...
Xom snickers!

##..######..
#..##.≈≈.#
##.##≈./..≈
#.5#..#.[#.
#.§#$.#C⌠#.
##.#.≈...?≈
#..##
##oZ######.
##@Z(.....
##.8..8$#
####### # .#
.. .$ #


You could see a crimson imp, an orc, a bullfrog zombie and a centaur skeleton.

Vanquished Creatures
  Sigmund (D:5)
  2 sky beasts (D:6)
  An ogre (D:2)
  3 centaurs (D:6)
  Blork the orc (D:4)
  A bullfrog (D:6)
  A scorpion (D:6)
  A centaur zombie (D:5)
  A hound (D:4)
  Jessica (D:2)
  An iguana (D:6)
  Natasha (twice) (D:3)
  3 worker ants
  A hound skeleton (D:4)
  A howler monkey zombie (D:3)
  A worker ant zombie (D:6)
  7 gnolls
  5 adders
  A shadow imp (D:6)
  An ooze (D:3)
  2 leopard geckos
  An orc (D:3)
  2 bats
  3 giant cockroaches
  3 goblins
  13 hobgoblins
  4 jackals (D:6)
  5 kobolds
  A quokka (D:3)
  6 frilled lizards
  3 rats
79 creatures vanquished.

Notes
Turn   | Place    | Note
-------+----------+-------------------------------------------
     0 | D:1      | Raykoid666 the Demonspawn Wanderer began the quest for the Orb.
     0 | D:1      | Raykoid666 set off with: a +2 dagger, a scroll of blinking, the Compendium of Venom, a +0 buckler, a +0 robe, a bread ration
     0 | D:1      | Reached XP level 1. HP: 13/13 MP: 5/5
    41 | D:1      | Learned a level 1 spell: Sting
   137 | D:1      | Reached skill level 1 in Poison Magic
   643 | D:1      | Gained mutation: When seriously injured, your bleeding wounds create armour. (AC +6) [demonic ancestry]
   643 | D:1      | Reached XP level 2. HP: 19/19 MP: 2/7
  1352 | D:1      | Reached skill level 2 in Poison Magic
  1697 | D:2      | Noticed an ogre
  1707 | D:2      | Killed an ogre
  1707 | D:2      | Reached skill level 3 in Poison Magic
  1707 | D:2      | Gained mutation: Your flesh is heat resistant. (rF+) [demonic ancestry]
  1707 | D:2      | Reached XP level 3. HP: 16/24 MP: 6/8
  1707 | D:2      | Gained mutation: When hurt, damage is shared between your health and your magic reserves. [demonic ancestry]
  1707 | D:2      | Reached XP level 4. HP: 20/30 MP: 7/10
  1712 | D:2      | Learned a level 3 spell: Spider Form
  1743 | D:2      | Noticed Jessica
  1752 | D:2      | Killed Jessica
  1807 | D:2      | Reached XP level 5. HP: 28/35 MP: 3/11
  2892 | D:3      | Noticed Natasha
  2904 | D:3      | Killed Natasha
  2904 | D:3      | Reached skill level 4 in Poison Magic
  3021 | D:3      | Noticed Natasha
  3040 | D:3      | Killed Natasha
  3498 | D:3      | Found a stormy altar of Qazlal.
  3498 | D:3      | Found a shimmering altar of Xom.
  3559 | D:3      | Became a worshipper of Xom of Chaos
  3587 | D:3      | Found a burning altar of Makhleb.
  3587 | D:3      | Noticed a blizzard demon
  3591 | D:3      | Noticed a neqoxec
  3591 | D:3      | Noticed a neqoxec
  3770 | D:4      | XOM: harmless Pois miscast
  3885 | D:4      | Reached XP level 6. HP: 36/41 MP: 9/12
  4153 | D:4      | XOM: noise
  4167 | D:4      | Noticed Blork the orc
  4176 | D:4      | XOM: smoke on damage
  4182 | D:4      | Killed Blork the orc
  4182 | D:4      | Reached skill level 1 in Short Blades
  4542 | D:4      | XOM is BORED!
  4542 | D:4      | XOM: noise
  4620 | D:4      | Found an opulent altar of Gozag.
  4716 | D:4      | Found a staircase to the Ecumenical Temple.
  4783 | D:5      | Entered Level 5 of the Dungeon
  4856 | D:5      | XOM: cloud trail
  5215 | D:5      | XOM: god gift: 33 gold pieces
  5233 | D:5      | Noticed Sigmund
  5261 | D:5      | Killed Sigmund
  5261 | D:5      | Reached skill level 5 in Poison Magic
  5261 | D:5      | Reached XP level 7. HP: 46/46 MP: 1/13
  5374 | D:5      | XOM: harmless Summ miscast
  5701 | D:5      | Found an iron altar of Okawaru.
  5838 | D:5      | XOM: medium Necr miscast
  6081 | D:5      | XOM: harmless Tmut miscast
  6198 | D:5      | XOM: harmless Chrm miscast
  6208 | D:5      | XOM: confuse monster(s)
  6647 | D:6      | XOM: divination: detect items
  6665 | D:6      | XOM: butterfly on damage
  6672 | D:6      | XOM: mild Tmut miscast
  6834 | D:5      | XOM is BORED!
  6834 | D:5      | XOM: noise
  7025 | D:5      | XOM: harmless Summ miscast
  7219 | D:6      | XOM: harmless Ice miscast
  7531 | D:5      | XOM: mild Conj miscast
  7757 | D:6      | XOM: enchant monster (bad)
  8053 | D:6      | XOM is BORED!
  8053 | D:6      | XOM: enchant monster (bad)
  8065 | D:6      | Reached XP level 8. HP: 26/52 MP: 3/14
  8081 | D:6      | Gained mutation: You expend magic power (3 MP) to strengthen your wands. [mutagenic meat]
  8082 | D:6      | Gained mutation: You are resistant to electric shocks. (rElec) [mutagenic meat]
  8083 | D:6      | Gained mutation: Your mind is acute. (Int +2) [mutagenic meat]
  8084 | D:6      | Gained mutation: You tend to lose your temper in combat. [mutagenic meat]
  8747 | D:6      | XOM: scenery: create altars
  8757 | D:6      | XOM: smoke on damage
  8774 | D:6      | XOM: severe Tloc miscast
  8792 | D:6      | Noticed a cyclops
  8796 | D:6      | Slain by a centaur skeleton

Vault maps used:
D:1:      scummos_arrival_forest, minmay_tetromino_i2
D:2:      first_bread, uniq_jessica
D:3:      gammafunk_temple_overflow_wave, grunt_decor_mini_mirrors,
          hangedman_abyss_or_decor_stabs, makhleb_altar_promises_db,
          uniq_natasha
D:4:      temple_hall, grunt_gozag_breadcrumbs, uniq_blork_the_orc
D:5:      kennysheep_mini, uniq_sigmund
D:6:      nzn_random_ring

Skill      XL: |  1  2  3  4  5  6  7 |
---------------+----------------------+-----
Poison Magic   | 1 3 4 5 |  5.9
Dodging        | 2 3 4 |  4.9
Short Blades   | 2 4 |  4.9
Stealth        | |  1.0
Shields        | |  1.0
Spellcasting   | |  4.0
Charms         | |  1.0
Translocations | |  1.0
Earth Magic    | |  1.7

Action                   |  1- 3 |  4- 6 |  7- 9 || total
-------------------------+-------+-------+-------++-------
Melee: Dagger            |    51 |   109 |       ||   160
       Unarmed           |       |    73 |    84 ||   157
       Scythe            |       |       |    56 ||    56
 Cast: Sting             |    31 |    40 |    15 ||    86
       Spider Form       |       |    10 |     8 ||    18
Evoke: Wand              |       |       |     4 ||     4
  Use: Potion            |       |     8 |     3 ||    11
       Scroll            |       |     1 |    14 ||    15
 Stab: Sleeping          |       |     1 |       ||     1
  Eat: Meat ration       |     1 |     2 |     2 ||     5
       Bread ration      |     1 |       |       ||     1
       Chunk             |       |       |     5 ||     5
Armor: Robe              |    11 |    22 |    48 ||    81
       Skin              |       |    18 |    10 ||    28
Dodge: Dodged            |    24 |   133 |   260 ||   417
Block: Buckler           |    10 |    10 |       ||    20

Table legend:
 A = Spawn XP
 B = Non-spawn XP
 C = Spawn XP percentage of total XP
 D = Spawn monster count
 E = Non-spawn monster count
 F = Spawn count percentage of total count
 G = Total turns spent on level
                    A         B        C        D         E        F      G
               +---------+---------+-------+---------+---------+-------+---------
         Total |       0 |    1812 |   0.0 |       0 |      79 |   0.0 |  8796
               +---------+---------+-------+---------+---------+-------+---------
           D:1 |       0 |      27 |   0.0 |       0 |      15 |   0.0 |  1690
           D:2 |       0 |     223 |   0.0 |       0 |      14 |   0.0 |   616
           D:3 |       0 |     127 |   0.0 |       0 |      19 |   0.0 |  1459
           D:4 |       0 |     180 |   0.0 |       0 |       7 |   0.0 |  1018
           D:5 |       0 |     358 |   0.0 |       0 |       8 |   0.0 |  3136
           D:6 |       0 |     897 |   0.0 |       0 |      16 |   0.0 |   877
               +---------+---------+-------+---------+---------+-------+---------
